 Dungeon Crawl Stone Soup version 0.24-a0-217-g1152973720 (webtiles) character file.

Game seed: 6510190985017235347

90828 Redear the Eclecticist (level 15, -19/117 HPs)
             Began as a Mummy Wizard on Mar 30, 2019.
             Was the Champion of Kikubaaqudgha.
             Killed from afar by Mara (illusionary) (20 damage)
             ... with a bolt of fire
             ... on level 4 of the Spider Nest.
             The game lasted 04:27:18 (37867 turns).

Redear the Eclecticist (Mummy Wizard)              Turns: 37867, Time: 04:27:19

Health: -19/117    AC:  7    Str: 14    XL:     15   Next: 53%
Magic:  24/51      EV: 11    Int: 27    God:    Kikubaaqudgha [******]
Gold:   1596       SH:  3    Dex: 12    Spells: 4/49 levels left

rFire    . . .     SeeInvis +   H - staff of power {MP+17, !a}
rCold    + . .     Gourm    .   (no shield)
rNeg     + + +     Faith    .   k - +1 leather armour {rF+} {rF+}
rPois    ∞         Spirit   .   V - +1 hat of Fedhas's Generosity {Str+4 Int+4 SInv}
rElec    .         Reflect  +   G - +0 cloak
rCorr    .         Harm     .   r - +0 pair of gloves
MR       ++...                  (no boots)
Stlth    +.........             b - +3 amulet of reflection
HPRegen  0.29/turn              W - ring of wizardry {Wiz+}
MPRegen  0.32/turn              M - ring of protection from magic

@: about to teleport
A: no food or potions, fire vulnerability, cold resistance 1, negative energy
resistance 3, torment resistance, unbreathing, in touch with death 1
a: Receive Corpses, Torment, Renounce Religion


You were on level 4 of the Spider Nest.
You worshipped Kikubaaqudgha.
Kikubaaqudgha was exalted by your worship.
You were not hungry.

You visited 5 branches of the dungeon, and saw 24 of its levels.
You also visited: Gauntlet.

You collected 2491 gold pieces.
You spent 895 gold pieces at shops.

Inventory:

Hand Weapons
 P - the +11 halberd "Haunuykh" {chop, rPois Int+4}
   (You found it on level 1 of the Spider Nest)

   It inflicts extra damage upon your enemies.
   It affects your intelligence (+4).
   It protects you from poison.
Missiles
 a - 2 tomahawks of dispersal (quivered)
 C - 19 javelins of penetration {=f}
 U - 5 throwing nets {=f}
Armour
 g - a cursed -2 leather armour
 k - a +1 leather armour of fire resistance (worn) {rF+}
 r - a +0 pair of gloves (worn)
 w - a +2 robe of the Archmagi
 G - a +0 cloak (worn)
 V - the +1 hat of Fedhas's Generosity (worn) {Str+4 Int+4 SInv}
   (You found it in a Gauntlet)

   It affects your strength (+4).
   It affects your intelligence (+4).
   It lets you see invisible.
Magical Staves
 H - an uncursed staff of power (weapon) {MP+17, !a}
 I - an uncursed staff of earth
Jewellery
 b - a +3 amulet of reflection (around neck)
 m - an uncursed ring of protection from magic
 x - an uncursed ring of flight
 F - an uncursed ring of protection from fire
 L - an uncursed ring of ice {rC+, rF-}
 M - a ring of protection from magic (right hand)
 N - an uncursed amulet of faith {Faith, !P}
 S - an uncursed ring of see invisible
 W - a ring of wizardry (left hand) {Wiz+}
 Y - an uncursed ring of magical power {MP+9}
Wands
 d - a wand of disintegration (12)
 s - a wand of paralysis (17)
 u - a wand of polymorph (15)
 v - a wand of flame (45)
 y - a wand of enslavement (13)
 z - a wand of iceblast (13)
 D - a wand of digging (9)
 K - a wand of acid (6)
Scrolls
 c - 8 scrolls of remove curse
 e - a scroll of fear
 f - 4 scrolls of fog
 h - 3 scrolls of amnesia
 i - 6 scrolls of identify
 j - 3 scrolls of enchant weapon
 l - 4 scrolls of enchant armour
 n - 3 scrolls of immolation {!r}
 q - 3 scrolls of magic mapping {!r}
 t - 6 scrolls of teleportation
 B - a scroll of torment
 E - a scroll of vulnerability {!r}
 O - a scroll of brand weapon
Miscellaneous
 J - a lamp of fire


   Skills:
 - Level 10.7 Fighting
 - Level 1.5 Dodging
 - Level 1.5 Stealth
 - Level 17.5 Spellcasting
 - Level 6.1 Conjurations
 + Level 3.2 Summonings
 + Level 12.8 Necromancy
 - Level 8.2 Translocations
 - Level 3.2 Fire Magic
 - Level 2.9 Air Magic
 - Level 5.5 Earth Magic
 - Level 3.0 Poison Magic
 - Level 5.2 Evocations


You had 4 spell levels left.
You knew the following spells:

 Your Spells              Type           Power        Failure   Level  Hunger
a - Passage of Golubria   Tloc           N/A          1%          4    N/A
b - Blink                 Tloc           N/A          1%          2    N/A
c - Call Imp              Summ           #####...     1%          2    N/A
d - Conjure Flame         Conj/Fire      #####...     1%          3    N/A
e - Summon Lightning Spi  Summ/Air       #####...     2%          4    N/A
f - Agony                 Necr           #######.     1%          5    N/A
g - Corpse Rot            Necr           N/A          0%          2    N/A
h - Bolt of Draining      Conj/Necr      #######...   1%          5    N/A
i - Dispel Undead         Necr           #######.     1%          5    N/A
s - Borgnjor's Vile Clut  Necr/Erth      #######...   1%          5    N/A
x - Mephitic Cloud        Conj/Pois/Air  #####...     1%          3    N/A
z - Animate Skeleton      Necr           N/A          0%          1    N/A
A - Animate Dead          Necr           N/A          1%          4    N/A

Your spell library contained the following spells:

 Spells                   Type           Power        Failure   Level  Hunger
 Pain                     Necr           ####         0%          1    N/A
 Confusing Touch          Hex            ###...       1%          1    N/A
 Corona                   Hex            ###....      1%          1    N/A
 Magic Dart               Conj           ####         1%          1    N/A
 Summon Small Mammal      Summ           ####         1%          1    N/A
 Ensorcelled Hibernation  Hex/Ice        ###...       1%          2    N/A
 Passwall                 Tmut/Erth      #####...     1%          2    N/A
 Slow                     Hex            ###.....     1%          2    N/A
 Sticks to Snakes         Tmut           ###.....     1%          2    N/A
 Swiftness                Chrm/Air       ####....     1%          2    N/A
 Call Canine Familiar     Summ           #####...     1%          3    N/A
 Dazzling Spray           Conj/Hex       #####.       1%          3    N/A
 Gell's Gravitas          Tloc           ######....   1%          3    N/A
 Portal Projectile        Hex/Tloc       #####.       1%          3    N/A
 Recall                   Summ/Tloc      N/A          1%          3    N/A
 Summon Guardian Golem    Hex/Summ       ####....     1%          3    N/A
 Vampiric Draining        Necr           #######...   1%          3    N/A
 Force Lance              Conj/Tloc      ######..     1%          4    N/A
 Confuse                  Hex            ###.....     3%          3    N/A
 Tukima's Dance           Hex            ###.....     3%          3    N/A
 Leda's Liquefaction      Hex/Erth       #####.....   3%          4    N/A
 Petrify                  Tmut/Erth      #####...     3%          4    N/A
 Summon Ice Beast         Ice/Summ       ####....     5%          4    N/A
 Excruciating Wounds      Chrm/Necr      ######....   1%          5    N/A
 Death Channel            Necr           #######...   1%          6    N/A
 Lee's Rapid Deconstruct  Erth           ######....   3%          5    N/A
 Bolt of Magma            Conj/Fire/Erth ######....   4%          5    N/A
 Dispersal                Tloc           ######....   5%          6    N/A
 Simulacrum               Ice/Necr       ######....   12%         6    N/A
 Iron Shot                Conj/Erth      ######....   14%         6    N/A
 Metabolic Englaciation   Hex/Ice        ###.......   26%         5    N/A
 Yara's Violent Unravell  Hex/Tmut       ###.......   26%         5    N/A
 Haunt                    Necr/Summ      #######...   30%         7    N/A
 Infestation              Necr           #######...   32%         8    N/A
 Darkness                 Hex            ###.......   80%         6    N/A
 Invisibility             Hex            ###.....     80%         6    N/A
 Controlled Blink         Tloc           N/A          89%         8    N/A
 Disjunction              Tloc           ######....   89%         8    N/A
 Shatter                  Erth           ######....   100%        9    N/A
 Beastly Appendage        Tmut           Unusable     N/A         1    N/A
 Spider Form              Tmut/Pois      Unusable     N/A         3    N/A
 Ice Form                 Ice/Tmut       Unusable     N/A         4    N/A
 Blade Hands              Tmut           Unusable     N/A         5    N/A
 Borgnjor's Revivificati  Necr           Unusable     N/A         8    N/A
 Statue Form              Tmut/Erth      Unusable     N/A         6    N/A
 Hydra Form               Tmut           Unusable     N/A         6    N/A
 Death's Door             Chrm/Necr      Unusable     N/A         8    N/A
 Necromutation            Tmut/Necr      Unusable     N/A         8    N/A

Dungeon Overview and Level Annotations

Branches:
Dungeon (11/15)            Temple (1/1) D:5            Lair (6/6) D:10
 Shoals (0/4) Lair:3       Spider (4/4) Lair:4          Orc (2/2) D:10
    Elf (0/3) Orc:2
  Slime: Lair:5-6

Altars:
Ashenzari
Cheibriados
Dithmenos
Elyvilon
Fedhas
Gozag
Hepliaklqana
Kikubaaqudgha
Makhleb
Nemelex Xobeh
Okawaru
Qazlal
Ru
Sif Muna
Trog
Uskayaw
Vehumet
Wu Jian
Xom
Yredelemnul
Zin
The Shining One
Beogh
Jiyva

Shops:
D:5 !!!?   D:8 :}   Orc:2 [}:?

Annotations:
D:4 2 transporters, kr4n3's ghost, amateur DrSu
D:10 3 runed translucent doors, Yosebu's ghost, journeyman MiGl
D:11 exclusion: ugly thing
Lair:5 1 runed translucent door
Spider:4 Mara


Innate Abilities, Weirdness & Mutations

You do not eat or drink.
Your flesh is vulnerable to fire.
You are immune to poison.
Your flesh is cold resistant. (rC+)
You are immune to negative energy. (rN+++)
You are immune to unholy pain and torment.
You can survive without breathing.
You are in touch with the powers of death.


Message History

Mara hits you from afar with a +1 demon trident of venom!
* * * LOW HITPOINT WARNING * * *
Mara weaves an illusion.
Mara hits you but does no damage.
You take 17 damage, and have 43/117 hp.
Unknown command.
Here: Mara, wielding a +1 demon trident of venom and wearing a +1 robe (lightly wounded)
The floor.
Unknown command.
You blink.
Redear's illusion hits you.
* * * LOW HITPOINT WARNING * * *
Mara hits you with a +1 demon trident of venom!!
* * * LOW HITPOINT WARNING * * *
Mara hits you from afar with a +1 demon trident of venom!!
* * * LOW HITPOINT WARNING * * *
Mara gestures at you. The bolt of fire hits you!!
You die...
Kikubaaqudgha rasps: "You have failed me!
Welcome... oblivion!"

#......####.^.###.#.#.
#^..(..^..##...###..#.
#.^##..^.....!^# #^...
#^^R##<.##^..### ##^..
##..§^######## **#^.##
#.^#).@..# *#^...#*
#...§.^..# #...#..,
##..###R.# #..##.^,
###.@@..# #^.,#...
#.R.R.## *##,,##..
#..(### **,,,**,,,
##§^^.## **,,,,,,,*,
###^..# *,,,**,*,**
***##.^# *,,*,,*,,,*
*,,#..## *,,,,,*,,,,
*,..R.# **,,,**,,,,
*.RR.##** **,,,*,,,,


You could see 3 Maras and Redear's illusion.

Levels and vault maps discovered:
D:1:      dpeg_arrival_rooms_b, layout_basic
D:2:      layout_loops_ring, chequers_ecumenical_altar_twisty, bloody_trog
D:3:      lemuel_castle_with_subvaults [lemuel_castle_interior_carwin_2],
          layout_basic, serial_undead, serial_undead_c, serial_undead_b,
          serial_undead_c, serial_undead_a
D:4:      layout_basic, gammafunk_ghost_mausoleum, uniq_natasha
D:5:      layout_basic, nicolae_tso_besieged_by_evil,
          grunt_temple_overflow_open, minmay_temple_entry_sparse_star,
          serial_shops, shop, shop, kennysheep_mini_moat, shop, first_ration,
          patterned_corridor, uniq_ijyb
D:6:      layout_loops_ring, elyvilon_altar_1
D:7:      wad_pebble_path, layout_basic
D:8:      layout_loops_cross, serial_shops, kennysheep_little_box, shop
D:9:      kennysheep_blocky_room, layout_cave_pods
D:10:     layout_loops_ring, lair_entry_dummy, orc_0_dummy,
          gammafunk_ghost_split, the_bakery
D:11:     layout_big_octagon, uniq_snorg
Temple:   eino_temple_rhombus
Lair:1:   layout_chaotic_city, beast_lair_carwin_8, lemuel_fruit_fields,
          uniq_joseph
Lair:2:   cheibrodos_lair_overgrown_chateau, layout_big_grid,
          hellmonk_ghost_happy_afterlife, minivault_24, serial_bayou_shore_b
Lair:3:   layout_loops_ring, elwin_shoals_entry_stream, kb_xom_exploding_sheep
Lair:4:   cheibrodos_lair_river_kwai, layout_gridlike, spider_nest_entry_rubble,
          gauntlet_entry_generic, roderic_batcave, minivault_19,
          infiniplex_staircase_pool_2, uniq_nessos
Lair:5:   layout_regular_city, slime_altar_2
Lair:6:   due_jungle_book, layout_loops_ring, minivault_23,
          minmay_lair_oklob_chamber, grunt_megastairs_1
Spider:1: layout_spider_delve
Spider:2: layout_chambers
Spider:3: layout_spider_delve
Spider:4: guppyfry_spider_rune, uniq_mara
Orc:1:    layout_caves, serial_shops, shop, gammafunk_ghost_arena
Orc:2:    kennysheep_orc_mage_school, layout_caves,
          nicolae_volcano_entry_s_turn, hangedman_minor_magic
Gauntlet: minmay_gauntlet_mixed_oops_all_seconds
          [minmay_gauntlet_arena_77_museum,
          gammafunk_gauntlet_arena_arrow_garden, minmay_gauntlet_arena_77_mess,
          gammafunk_gauntlet_arena_open, minmay_gauntlet_arena_77_run_for_it,
          gammafunk_gauntlet_arena_grid, gauntlet_exit_spiral]

Notes
Turn   | Place    | Note
-------+----------+-------------------------------------------
     0 | D:1      | Redear the Mummy Wizard began the quest for the Orb.
     0 | D:1      | Reached XP level 1. HP: 13/13 MP: 5/5
    58 | D:1      | Reached skill level 1 in Conjurations
   135 | D:1      | Identified a +0 dagger of draining (You found it on level 1
                  | of the Dungeon)
   259 | D:1      | Identified a +0 club
   267 | D:1      | Identified a +0 club
   268 | D:1      | Reached XP level 2. HP: 18/19 MP: 1/7
   312 | D:1      | Identified a +0 club
   347 | D:1      | Identified a +0 dagger
   407 | D:1      | Identified a +0 dagger
   601 | D:1      | Identified a +0 dagger
   693 | D:2      | Found a bloodstained altar of Trog.
   732 | D:2      | Reached XP level 3. HP: 24/24 MP: 2/9
   857 | D:2      | Noticed an ice beast
   883 | D:2      | Identified a ring of attention (You found it on level 2 of
                  | the Dungeon)
  1038 | D:2      | Learned a level 2 spell: Blink
  1041 | D:2      | Learned a level 2 spell: Call Imp
  1045 | D:2      | Learned a level 3 spell: Conjure Flame
  1336 | D:2      | Reached skill level 1 in Summonings
  1368 | D:2      | Found a faded altar of an unknown god.
  1397 | D:2      | Reached skill level 1 in Translocations
  1460 | D:2      | HP: 5/24 [adder (2)]
  1749 | D:2      | Identified a +0 long sword of protection
  1779 | D:2      | Identified a +0 dagger
  1779 | D:2      | Identified a +0 hunting sling
  1784 | D:2      | Identified 3 scrolls of remove curse
  2320 | D:3      | Reached XP level 4. HP: 30/30 MP: 3/10
  2364 | D:3      | Identified a cursed +0 club
  2368 | D:3      | Identified a +0 short sword of venom
  2378 | D:3      | Identified a +0 dagger
  2378 | D:3      | Identified a +0 robe
  2379 | D:3      | Identified a +0 whip
  2379 | D:3      | Identified a +0 club
  2379 | D:3      | Identified a +0 leather armour
  2379 | D:3      | Identified a cursed -2 mace
  2379 | D:3      | Identified a +1 leather armour of fire resistance
  2380 | D:3      | Identified a +0 club
  2380 | D:3      | Identified a +0 trident
  2398 | D:3      | Reached skill level 1 in Fire Magic
  2644 | D:3      | Identified a +0 trident
  2654 | D:3      | Identified a +0 flail
  2654 | D:3      | Identified a +0 chain mail of cold resistance
  2668 | D:3      | Identified a +0 dagger
  2668 | D:3      | Identified a +0 robe
  2675 | D:3      | Reached XP level 5. HP: 32/35 MP: 2/12
  2683 | D:3      | Identified a +0 dagger
  2683 | D:3      | Identified a +0 robe
  2701 | D:3      | HP: 7/35 [howler monkey zombie (6)]
  2724 | D:2      | Identified a +0 robe
  2977 | D:3      | Identified a +0 halberd
  3058 | D:3      | Identified a +0 spear
  3303 | D:3      | Identified a +0 club
  3370 | D:3      | Identified a +0 spear
  3370 | D:3      | Identified a +0 club
  3398 | D:3      | Identified a cursed -2 club
  3401 | D:3      | Identified a +0 club
  3402 | D:3      | Identified a +0 spear
  3414 | D:3      | Reached skill level 2 in Summonings
  3446 | D:3      | Reached skill level 2 in Translocations
  3571 | D:3      | Identified a cursed -2 spear
  3572 | D:3      | Identified a +0 spear
  3573 | D:3      | Identified a +1 whip of distortion
  4014 | D:3      | Identified a cursed -3 whip
  4014 | D:3      | Identified a +0 flail
  4214 | D:3      | Reached skill level 2 in Fire Magic
  4267 | D:3      | Identified a +0 halberd
  4318 | D:3      | Identified a +0 falchion
  4621 | D:3      | Identified a cursed -3 club
  4681 | D:3      | Reached skill level 2 in Conjurations
  4681 | D:3      | Reached XP level 6. HP: 41/41 MP: 7/13
  4697 | D:3      | Identified a +0 spear
  4782 | D:3      | Identified a +0 spear
  4783 | D:3      | Identified a +0 club
  4783 | D:3      | Identified a +0 whip
  4798 | D:3      | Identified a +4 spear of venom
  4798 | D:3      | Identified a +0 scale mail
  4832 | D:3      | Identified a +0 flail
  4862 | D:3      | Identified a +0 spear
  4862 | D:3      | Identified a +0 halberd
  5134 | D:3      | Identified a +0 club
  5166 | D:3      | Identified a +0 flail
  5220 | D:3      | Reached skill level 3 in Fire Magic
  5223 | D:3      | Identified a +0 club
  5454 | D:3      | Identified a +0 whip
  5458 | D:3      | Identified a +0 whip
  5465 | D:3      | Reached skill level 3 in Conjurations
  5478 | D:3      | Identified a +0 whip
  5478 | D:3      | Identified a +0 leather armour
  5591 | D:3      | Identified a +0 halberd
  5654 | D:3      | Reached XP level 7. HP: 46/46 MP: 4/14
  5669 | D:3      | Learned a level 3 spell: Mephitic Cloud
  6191 | D:4      | Reached skill level 1 in Air Magic
  6191 | D:4      | Reached skill level 1 in Poison Magic
  6378 | D:4      | Noticed Natasha
  6384 | D:4      | Killed Natasha
  6464 | D:4      | Identified a +0 giant club
  6542 | D:4      | Reached skill level 2 in Air Magic
  6542 | D:4      | Reached skill level 2 in Poison Magic
  6546 | D:4      | Found a transporter.
  6546 | D:4      | Identified a +0 war axe of freezing
  6550 | D:4      | Identified a +0 mace
  6550 | D:4      | Identified a +0 dagger
  6550 | D:4      | Identified a +0 robe
  6776 | D:4      | Noticed kr4n3's ghost (amateur DrSu)
  6778 | D:4      | Found a transporter.
  6804 | D:4      | Noticed Natasha
  6810 | D:4      | Killed Natasha
  6913 | D:4      | Noticed Natasha
  6921 | D:4      | Killed Natasha
  7015 | D:5      | Entered Level 5 of the Dungeon
  7031 | D:5      | Found Foriod's Magic Scroll Shoppe.
  7039 | D:5      | Bought a scroll of teleportation for 33 gold pieces
  7039 | D:5      | Bought a scroll of identify for 22 gold pieces
  7039 | D:5      | Identified 2 scrolls of immolation
  7040 | D:5      | Identified a scroll of enchant armour
  7041 | D:5      | Identified a scroll of fear
  7042 | D:5      | Identified a scroll of blinking
  7043 | D:5      | Identified a scroll of amnesia
  7049 | D:5      | Identified a +0 pair of gloves (You found it on level 4 of
                  | the Dungeon)
  7076 | D:5      | Identified a +0 dagger
  7076 | D:5      | Identified a +0 robe
  7101 | D:5      | Identified a +0 hand axe
  7168 | D:5      | Identified a +0 club
  7168 | D:5      | Identified a +0 scale mail
  7172 | D:5      | Identified a +0 ring mail
  7173 | D:5      | Identified a +0 flail
  7198 | D:5      | Identified a +0 quarterstaff
  7199 | D:5      | Identified a +0 club
  7199 | D:5      | Identified a +0 chain mail
  7202 | D:5      | Identified a +0 hand axe
  7205 | D:5      | Identified a cursed +0 dagger
  7205 | D:5      | Identified a +0 robe
  7407 | D:5      | Found a staircase to the Ecumenical Temple.
  7419 | Temple   | Entered the Ecumenical Temple
  7637 | D:5      | Identified a +0 club
  7637 | D:5      | Identified a +0 ring mail
  7637 | D:5      | Noticed Ijyb
  7638 | D:5      | Identified a +0 spear
  7645 | D:5      | Killed Ijyb
  7645 | D:5      | Reached skill level 3 in Poison Magic
  7645 | D:5      | Reached XP level 8. HP: 52/52 MP: 11/15
  7681 | D:5      | Found Ceebb's Distillery.
  7693 | D:5      | Reached skill level 5 in Spellcasting
  7715 | D:5      | Reached skill level 6 in Spellcasting
  7717 | D:5      | Found a glowing silver altar of Zin.
  7811 | D:5      | Found a deep blue altar of Sif Muna.
  7812 | D:5      | Identified a +3 flail
  7814 | D:5      | Identified a +0 trident
  7814 | D:5      | Identified a +0 falchion
  7816 | D:5      | Identified a +0 dagger
  7818 | D:5      | Identified a +0 trident
  7818 | D:5      | Identified a +0 leather armour
  7830 | D:5      | Found an ancient bone altar of Kikubaaqudgha.
  7840 | D:5      | Became a worshipper of Kikubaaqudgha
  7918 | D:5      | Found a glowing golden altar of the Shining One.
  8002 | D:5      | Identified a ring of strength (You found it on level 5 of
                  | the Dungeon)
  8011 | D:5      | Identified a +0 flail
  8025 | D:5      | Identified a +0 whip
  8025 | D:5      | Identified a +0 leather armour
  8033 | D:5      | Identified a +0 halberd
  8041 | D:5      | Identified a +0 club
  8216 | D:5      | Found Ruqiraetz's Distillery.
  8402 | D:5      | Found Weus's Distillery.
  8649 | D:6      | Identified a +0 dagger
  8649 | D:6      | Identified a +0 robe
  8651 | D:6      | Identified a +0 battleaxe
  8651 | D:6      | Identified a +0 plate armour
  8691 | D:6      | Reached skill level 7 in Spellcasting
  8695 | D:6      | Reached * piety under Kikubaaqudgha
  8695 | D:6      | Identified Kikubaaqudgha's Disquisition on Necromancy
                  | (Kikubaaqudgha gifted it to you on level 6 of the Dungeon)
  8695 | D:6      | Received a gift from Kikubaaqudgha
  8705 | D:6      | Learned a level 1 spell: Animate Skeleton
  8788 | D:6      | Found a white marble altar of Elyvilon.
  8844 | D:6      | Identified a +0 club
  8857 | D:6      | Learned a level 1 spell: Pain
  8878 | D:6      | Reached skill level 1 in Necromancy
  8904 | D:6      | Identified a +0 giant club
  8930 | D:6      | Reached skill level 2 in Necromancy
  8946 | D:6      | Identified a +0 whip
  8946 | D:6      | Identified a +0 leather armour
  9036 | D:6      | Reached skill level 3 in Necromancy
  9505 | D:6      | Identified the Volume of Shifting Evil Secrets
  9591 | D:7      | Identified a +0 shortbow
  9668 | D:7      | Reached skill level 4 in Necromancy
  9680 | D:7      | Identified a +0 halberd
  9680 | D:7      | Identified a +0 club
  9840 | D:7      | Identified a +0 mace
  9840 | D:7      | Identified a +0 leather armour
 10241 | D:7      | Identified a ring of protection from magic (You found it on
                  | level 7 of the Dungeon)
 10304 | D:7      | Identified a +0 club
 10448 | D:8      | Reached skill level 5 in Necromancy
 10448 | D:8      | Reached XP level 9. HP: 52/57 MP: 16/20
 10825 | D:8      | Reached skill level 6 in Necromancy
 11021 | D:8      | Found Zapuud's Gadget Shop.
 11158 | D:8      | Identified a +0 giant spiked club
 11158 | D:8      | Identified a +0 giant spiked club
 11158 | D:8      | Noticed a two-headed ogre
 11191 | D:8      | Killed a two-headed ogre
 11191 | D:8      | Reached skill level 8 in Necromancy
 11360 | D:8      | Found Suintemn's Book Shop.
 11555 | D:8      | Identified a +0 short sword
 11562 | D:8      | Identified a +0 whip
 11562 | D:8      | Identified a +0 dagger
 11565 | D:8      | Identified a +1 mace of crushing
 11565 | D:8      | Identified a +0 chain mail
 11575 | D:8      | Redear: ??pain
 11575 | D:8      | beem: pain[1/3]: L1 necro spell, exclusive to the Book of
                  | Necromancy. Inflicts 1hp non-fatal damage on the caster.
                  | Does 1d(4 + pow/5) damage, with a limit of 25 power, and
                  | bypasses AC - but checks MR and only affects monsters
                  | without life protection, or players without torment
                  | immunity. You might've been looking for {pain brand}.
 11575 | D:8      | Redear: ??pain [2
 11575 | D:8      | beem: pain brand[1/2]: Brand which inflicts 1d(necromancy
                  | skill) extra damage on necro out of necro+1 successful
                  | hits. Does not affect those with rN (demons, undead,
                  | unliving, shadow dragons, holies). (For the record, a
                  | monster's necromancy skill is HD/2, HD if undead or
                  | demonic, 0 if mindless/animal). Begins to edge out {elec
                  | brand} at 10 skill.
 11802 | D:9      | Identified a +0 trident
 11803 | D:9      | Identified a +0 ring mail
 11811 | D:9      | Identified a +0 hand axe
 11812 | D:9      | Identified a +0 war axe
 11812 | D:9      | Identified a +0 plate armour
 11812 | D:9      | Identified a +0 whip of freezing
 11813 | D:9      | Identified a +0 dagger
 11813 | D:9      | Identified a cursed +0 robe
 11828 | D:9      | Reached ** piety under Kikubaaqudgha
 12008 | D:9      | Reached skill level 9 in Necromancy
 12055 | D:9      | Identified a +0 flail
 12055 | D:9      | Identified a +0 ring mail
 12060 | D:9      | Identified a +3 short sword
 12064 | D:9      | Identified a +0 dagger
 12064 | D:9      | Identified a +0 robe
 12067 | D:9      | Identified a cursed -1 dagger
 12067 | D:9      | Identified a +0 robe
 12247 | D:9      | Noticed a troll
 12251 | D:9      | Identified a +0 hand axe
 12251 | D:9      | Identified a +0 chain mail
 12292 | D:9      | Killed a troll
 12292 | D:9      | Reached skill level 8 in Spellcasting
 12392 | D:9      | Identified a +0 shortbow
 12475 | D:9      | HP: 11/57 [acid (11)]
 12858 | D:9      | Identified a +0 whip
 12860 | D:9      | Identified a +0 hand axe
 12860 | D:9      | Identified a +0 plate armour
 12860 | D:9      | Identified a +0 hand axe
 12868 | D:9      | Reached skill level 9 in Spellcasting
 12868 | D:9      | Reached XP level 10. HP: 62/63 MP: 13/23
 12868 | D:9      | Identified a +0 leather armour
 12871 | D:9      | Identified a +0 club
 12871 | D:9      | Identified a +0 leather armour
 12928 | D:9      | Redear: 5 min afk
 13009 | D:9      | Identified a +0 shortbow
 13169 | D:9      | Identified a +0 troll leather armour
 13198 | D:9      | HP: 14/63 [killer bee (9)]
 13518 | D:9      | Reached skill level 10 in Spellcasting
 13653 | D:10     | Entered Level 10 of the Dungeon
 13653 | D:10     | Identified a +0 mace
 13653 | D:10     | Identified a +0 hand axe
 13653 | D:10     | Identified a +0 leather armour
 13653 | D:10     | Identified a +0 flail
 13655 | D:10     | Identified a +0 dagger
 13655 | D:10     | Identified a +0 robe
 13656 | D:10     | Identified a +0 short sword
 13656 | D:10     | Identified a +0 shortbow
 13686 | D:9      | Identified a scroll of vulnerability
 13687 | D:9      | Identified a scroll of acquirement
 13688 | D:9      | Identified 3 scrolls of magic mapping
 13689 | D:9      | Identified a scroll of silence
 13690 | D:9      | Identified a scroll of random uselessness
 13692 | D:9      | Identified a ring of see invisible (You found it on level 9
                  | of the Dungeon)
 13715 | D:9      | Identified a +1 shield of poison resistance (You acquired
                  | it on level 9 of the Dungeon)
 13908 | D:9      | Learned a level 5 spell: Agony
 13911 | D:9      | Learned a level 2 spell: Corpse Rot
 14321 | D:10     | Found a staircase to the Orcish Mines.
 14350 | D:10     | Reached skill level 1 in Fighting
 14385 | D:10     | Identified a +0 dire flail
 14385 | D:10     | Identified a +0 dire flail
 14385 | D:10     | Noticed an ettin
 14385 | D:10     | Noticed Yosebu's ghost (journeyman MiGl)
 14391 | D:10     | Identified a +0 shortbow
 14406 | D:10     | HP: 12/65 [centaur/arrow (14)]
 14696 | D:10     | Identified a +0 shortbow
 14768 | D:10     | Identified a +0 battleaxe
 14768 | D:10     | Identified a +0 chain mail
 14768 | D:10     | Identified an uncursed ring of resist corrosion
 14768 | D:10     | Noticed a death knight
 14774 | D:10     | Found a runed translucent gate.
 14783 | D:10     | Found a runed translucent gate.
 14783 | D:10     | Found a runed translucent gate.
 14806 | D:10     | Reached skill level 2 in Fighting
 14870 | D:10     | Identified a cursed -1 rapier
 14870 | D:10     | Noticed a deep elf mage
 14872 | D:10     | Noticed an orange demon
 14882 | D:10     | Found a staircase to the Lair.
 14916 | D:10     | Identified a +0 dagger
 14916 | D:10     | Identified a +0 whip
 14918 | D:10     | Identified a +0 short sword
 14918 | D:10     | Identified a +0 dagger
 14918 | D:10     | Identified a +0 short sword
 14918 | D:10     | Identified a +0 blowgun
 14940 | D:10     | Reached *** piety under Kikubaaqudgha
 14940 | D:10     | Identified Kikubaaqudgha's Tome of Evil Rites
                  | (Kikubaaqudgha gifted it to you on level 10 of the Dungeon)
 14940 | D:10     | Received a gift from Kikubaaqudgha
 14955 | D:10     | Killed a deep elf mage
 14955 | D:10     | Reached skill level 3 in Fighting
 14965 | D:10     | Learned a level 5 spell: Bolt of Draining
 15253 | D:10     | Identified a +0 dagger
 15253 | D:10     | Identified a +0 robe
 15393 | D:10     | Learned a level 5 spell: Dispel Undead
 15610 | D:11     | Identified a +0 great sword
 15610 | D:11     | Identified a +0 robe
 15610 | D:11     | Identified a cursed +3 hand axe
 15610 | D:11     | Identified a +0 robe
 15610 | D:11     | Identified a +0 hand axe
 15610 | D:11     | Identified a +0 robe
 15651 | D:11     | Noticed a green ugly thing
 15692 | D:10     | Reached skill level 4 in Conjurations
 15983 | D:10     | Killed a green ugly thing
 16095 | D:11     | Noticed a purple ugly thing
 16198 | D:11     | Identified a +0 giant club
 16209 | D:11     | Reached skill level 5 in Conjurations
 16260 | D:11     | Identified a +0 mace
 16260 | D:11     | Identified a cursed -2 flail
 16261 | D:11     | Identified a +0 mace
 16261 | D:11     | Identified a cursed +0 ring mail
 16301 | D:11     | Noticed a cyclops
 16330 | D:11     | Noticed Snorg
 16333 | D:11     | Redear: ??Bolt of draining
 16333 | D:11     | beem: bolt of draining[1/1]: L5 conj/necro spell in the
                  | {book of Death}. To-hit: 8+power/20.
 16334 | D:11     | Killed Snorg
 16334 | D:11     | Reached skill level 6 in Conjurations
 16528 | D:10     | Identified a ring of wizardry (You found it on level 11 of
                  | the Dungeon)
 16530 | D:10     | Identified a ring of flight (You found it on level 11 of
                  | the Dungeon)
 16545 | D:10     | Identified a +0 helmet (You found it on level 10 of the
                  | Dungeon)
 16572 | Lair:1   | Entered Level 1 of the Lair of Beasts
 16616 | Lair:1   | Identified a +0 quarterstaff
 16616 | Lair:1   | Identified a +0 hunting sling
 16616 | Lair:1   | Identified a +0 ring mail
 16616 | Lair:1   | Noticed Joseph
 16648 | Lair:1   | Reached skill level 11 in Spellcasting
 16648 | Lair:1   | Reached XP level 11. HP: 45/75 MP: 7/26
 16795 | Orc:1    | Entered Level 1 of the Orcish Mines
 16822 | Orc:1    | Identified a +0 dagger
 16822 | Orc:1    | Identified a +0 robe
 16836 | Orc:1    | Identified a +0 mace
 16836 | Orc:1    | Identified a +0 plate armour
 16839 | Orc:1    | Identified a +0 trident
 16839 | Orc:1    | Identified a +0 scale mail
 16840 | Orc:1    | Identified a +2 mace of venom
 16840 | Orc:1    | Identified a +0 chain mail
 16843 | Orc:1    | Identified a +0 giant spiked club
 17098 | Orc:1    | Identified a +0 whip
 17281 | Orc:1    | Identified a +0 ring mail
 17290 | Orc:1    | Identified a +0 trident
 17290 | Orc:1    | Identified a +0 leather armour
 17291 | Orc:1    | Identified a +0 dagger
 17291 | Orc:1    | Identified a +0 robe
 17291 | Orc:1    | Identified a +0 flail
 17292 | Orc:1    | Identified a +0 scimitar
 17292 | Orc:1    | Identified a +0 chain mail
 17441 | Orc:1    | Found a transporter.
 17445 | Orc:1    | Identified a +0 dagger
 17445 | Orc:1    | Identified a +0 robe
 17446 | Orc:1    | Identified a +0 halberd
 17446 | Orc:1    | Identified a +0 plate armour
 17447 | Orc:1    | Noticed Waipof's ghost (novice DsNe)
 17448 | Orc:1    | Found a transporter.
 17450 | Orc:1    | Identified a +0 flail
 17450 | Orc:1    | Identified a +0 trident
 17450 | Orc:1    | Identified a +0 chain mail
 17452 | Orc:1    | Identified a +0 club
 17452 | Orc:1    | Identified a +0 flail
 17452 | Orc:1    | Identified a +0 leather armour
 17467 | Orc:1    | Reached **** piety under Kikubaaqudgha
 17495 | Orc:1    | Identified a cursed +0 dagger
 17495 | Orc:1    | Identified a +0 leather armour
 17495 | Orc:1    | Identified a +0 club
 17495 | Orc:1    | Identified a +0 scale mail
 17495 | Orc:1    | Identified a +0 whip
 17520 | Orc:1    | HP: 14/75 [orc priest/divine providence (16)]
 17860 | Orc:1    | Identified a +0 mace
 17860 | Orc:1    | Identified a cursed -2 scale mail
 18388 | D:10     | Reached skill level 1 in Evocations
 18888 | Orc:1    | Identified a +3 leather armour of cold resistance
 18915 | Orc:1    | Identified a +0 giant club
 19011 | Orc:1    | Identified a +0 glaive
 19011 | Orc:1    | Identified a +0 chain mail
 19011 | Orc:1    | Identified a +0 morningstar
 19012 | Orc:1    | Identified a +0 dagger
 19012 | Orc:1    | Identified a cursed -1 robe
 19013 | Orc:1    | Identified a +0 dagger
 19016 | Orc:1    | TheNamelessOne: ты о дрейнинг болте?
 19021 | Orc:1    | TheNamelessOne: Нормальный болт, кстати
 19028 | Orc:1    | TheNamelessOne: по линии бьёт как и остальные
 19028 | Orc:1    | TheNamelessOne: т.е. все кто на его пути будут поражены
 19028 | Orc:1    | TheNamelessOne: если не увернутся
 19068 | Orc:1    | Identified a +2 halberd of venom
 19068 | Orc:1    | Identified a +0 chain mail
 19072 | Orc:1    | Identified a +0 dagger
 19072 | Orc:1    | Identified a +0 robe
 19089 | Orc:1    | Identified a +0 flail
 19089 | Orc:1    | Identified a +0 leather armour
 19094 | Orc:1    | Reached skill level 2 in Evocations
 19185 | Orc:1    | Identified a +0 flail
 19186 | Orc:1    | Identified a +0 hand axe
 19186 | Orc:1    | Identified a +0 ring mail
 19216 | Orc:1    | TheNamelessOne: а я не понял, стафф оф павер теперь +17 мп
                  | даёт?
 19274 | Orc:1    | TheNamelessOne: Было же +15
 19300 | Orc:1    | TheNamelessOne: зимой ещё было
 19300 | Orc:1    | TheNamelessOne: в 0.23
 19345 | Orc:1    | Killed Waipof's ghost
 19453 | Orc:2    | Entered Level 2 of the Orcish Mines
 19453 | Orc:2    | Identified a +0 falchion
 19453 | Orc:2    | Identified a +0 club
 19453 | Orc:2    | Identified a +0 ring mail
 19453 | Orc:2    | Identified a +0 whip
 19454 | Orc:2    | Identified a +0 hand axe
 19454 | Orc:2    | Identified a +0 ring mail
 19459 | Orc:2    | Identified a +0 dagger
 19459 | Orc:2    | Identified a +0 robe
 19459 | Orc:2    | Identified a +0 robe
 19460 | Orc:2    | Identified a +0 robe
 19460 | Orc:2    | Identified a +0 dagger
 19460 | Orc:2    | Identified a +0 robe
 19466 | Orc:2    | Identified a +0 robe
 19482 | Orc:2    | Identified a +0 dagger
 19482 | Orc:2    | Identified a +0 robe
 19705 | Orc:2    | Identified a +0 dagger
 19705 | Orc:2    | Identified a +3 scale mail of poison resistance
 19705 | Orc:2    | Identified a +0 leather armour
 19705 | Orc:2    | Identified a +0 mace
 19705 | Orc:2    | Identified a +0 plate armour
 19706 | Orc:2    | Identified a +0 falchion
 19718 | Orc:2    | Reached skill level 12 in Spellcasting
 19724 | Orc:2    | Found a staircase to the Elven Halls.
 19790 | Orc:2    | Identified a +0 mace
 19790 | Orc:2    | Identified a +0 chain mail
 19791 | Orc:2    | Identified a +0 hand axe
 19791 | Orc:2    | Identified a +0 chain mail
 19798 | Orc:2    | Reached skill level 3 in Evocations
 19798 | Orc:2    | Identified a +0 dagger
 19798 | Orc:2    | Identified a +0 robe
 19807 | Orc:2    | Identified a +0 mace
 19807 | Orc:2    | Identified a +0 leather armour of poison resistance
 19852 | Orc:2    | Identified a +0 glaive
 19852 | Orc:2    | Identified a +0 plate armour
 19859 | Orc:2    | Identified a +0 dagger
 19859 | Orc:2    | Identified a +0 ring mail
 19871 | Orc:2    | Identified a +0 flail
 19871 | Orc:2    | Identified a +0 chain mail
 19871 | Orc:2    | Identified a +0 mace
 19881 | Orc:2    | Identified a cursed -3 club
 19894 | Orc:2    | Identified a cursed -3 falchion
 19894 | Orc:2    | Identified a +0 leather armour
 20386 | Orc:2    | Identified a +0 long sword
 20386 | Orc:2    | Noticed a deep elf mage
 20390 | Orc:2    | Killed a deep elf mage
 20394 | Orc:2    | Identified a +0 long sword
 20394 | Orc:2    | Noticed a deep elf mage
 20396 | Orc:2    | Killed a deep elf mage
 20399 | Orc:2    | Got a jewelled hat
 20410 | Orc:2    | Identified 2 scrolls of enchant weapon
 20421 | Orc:2    | Identified the +2 hat of Inviolability {Str+5} (You found
                  | it on level 2 of the Orcish Mines)
 20431 | Orc:2    | Identified a +1 hat (You found it on level 2 of the Orcish
                  | Mines)
 20441 | Orc:2    | Identified a +1 hat (You found it on level 2 of the Orcish
                  | Mines)
 20451 | Orc:2    | Identified a +2 hat (You found it on level 2 of the Orcish
                  | Mines)
 20468 | Orc:2    | TheNamelessOne: Надевать бронь удобнее через W
 20497 | Orc:2    | Identified a +0 dagger
 20497 | Orc:2    | Identified a +0 robe
 20506 | Orc:2    | Identified a +0 club
 20506 | Orc:2    | Identified a +0 leather armour
 20511 | Orc:2    | Identified a +0 whip
 20514 | Orc:2    | Found Dinokaum's Magic Scroll Shoppe.
 20514 | Orc:2    | Identified a +0 spear
 20514 | Orc:2    | Identified a +0 robe
 20514 | Orc:2    | Noticed an ogre mage
 20514 | Orc:2    | Identified a +2 dagger of venom
 20514 | Orc:2    | Identified a +2 robe
 20514 | Orc:2    | Noticed an orc sorcerer
 20522 | Orc:2    | Killed an ogre mage
 20522 | Orc:2    | Reached skill level 4 in Evocations
 20523 | Orc:2    | Killed an orc sorcerer
 20557 | Orc:2    | Identified a cursed -2 dagger
 20557 | Orc:2    | Identified a +0 robe
 20557 | Orc:2    | Noticed an orc sorcerer
 20557 | Orc:2    | Identified a +0 club
 20562 | Orc:2    | Killed an orc sorcerer
 20562 | Orc:2    | Identified a +0 dagger
 20562 | Orc:2    | Identified a +0 robe
 20562 | Orc:2    | Noticed an orc sorcerer
 20569 | Orc:2    | Killed an orc sorcerer
 20569 | Orc:2    | Reached skill level 13 in Spellcasting
 20768 | Orc:2    | Bought a scroll of fog for 30 gold pieces
 20768 | Orc:2    | Bought a scroll of fog for 30 gold pieces
 20781 | Orc:2    | Found a radiant altar of Vehumet.
 20781 | Orc:2    | Identified a +0 dagger
 20781 | Orc:2    | Identified a cursed +0 robe
 20781 | Orc:2    | Identified a +0 dagger
 20781 | Orc:2    | Identified a +0 robe
 20782 | Orc:2    | Identified a +0 spear
 20782 | Orc:2    | Identified a +0 robe
 20782 | Orc:2    | Noticed an ogre mage
 20786 | Orc:2    | Identified a cursed +0 dagger
 20786 | Orc:2    | Identified a +0 robe
 20841 | Orc:2    | Identified a +0 dagger
 20841 | Orc:2    | Identified a +0 robe
 20841 | Orc:2    | Identified a +0 dagger
 20841 | Orc:2    | Identified a +0 robe
 20851 | Orc:2    | Identified a +0 flail
 20857 | Orc:2    | Killed an ogre mage
 20857 | Orc:2    | Reached skill level 5 in Evocations
 20872 | Orc:2    | Identified a +0 mace
 20881 | Orc:2    | Identified a +0 dagger
 20881 | Orc:2    | Identified a +0 robe
 20883 | Orc:2    | Identified a +0 dagger
 20883 | Orc:2    | Identified a +0 robe
 20885 | Orc:2    | Found Pochit's Book Emporium.
 21026 | Orc:2    | Identified a +0 dagger
 21026 | Orc:2    | Identified a cursed +0 robe
 21086 | Orc:2    | TheNamelessOne: для шара нужні 27 в скилле и кларити
 21261 | Orc:2    | Found Plog's Gadget Emporium.
 21263 | Orc:2    | Identified a +0 dagger
 21263 | Orc:2    | Identified a +0 robe
 21264 | Orc:2    | Identified a +0 dagger
 21264 | Orc:2    | Identified a +0 robe
 21266 | Orc:2    | TheNamelessOne: ??crystall ball of energy
 21267 | Orc:2    | beem: crystall ball of energy ~ crystal ball of
                  | energy[1/1]: Evoke for MP. Gives (9+Evocations)/2 MP
                  | (average!). 5.5% chance to drain all your MP, 1% chance to
                  | drain 1-3 INT and 3% chance to confuse you for 11-20 turns
                  | at max Evoc. The closer you are to 0 MP, the higher your
                  | chance to fail. Lower Evoc, lower success! Must have 2+
                  | Evo to use.
 21272 | Orc:2    | Identified a +0 dagger
 21272 | Orc:2    | Identified a +0 robe
 21272 | Orc:2    | Noticed an orc sorcerer
 21276 | Orc:2    | Killed an orc sorcerer
 21276 | Orc:2    | Identified a +0 dagger
 21276 | Orc:2    | Identified a +0 robe
 21278 | Orc:2    | TheNamelessOne: Он хорош с Ашензари
 21279 | Orc:2    | Identified a +0 dagger
 21279 | Orc:2    | Identified a +0 robe
 21294 | Orc:2    | Identified a +0 dagger
 21294 | Orc:2    | Identified a +0 robe
 21295 | Orc:2    | Reached ***** piety under Kikubaaqudgha
 21297 | Orc:2    | TheNamelessOne: Аш бустает и эвок тоже
 21453 | Orc:2    | Identified a +0 giant spiked club
 21454 | Orc:2    | TheNamelessOne: !lg . muee
 21454 | Orc:2    | beem: 1. TheNamelessOne the Archmage (L27 MuEE of
                  | Ashenzari), escaped with the Orb and 15 runes on 2018-10-30
                  | 21:42:34, with 14598908 points after 108761 turns and
                  | 8:41:36.
 21454 | Orc:2    | TheNamelessOne: !lg . muee - log
 21454 | Orc:2    | beem: No keyword '-'
 21454 | Orc:2    | TheNamelessOne: !lg . muee -log
 21454 | Orc:2    | beem: 1. TheNamelessOne, XL27 MuEE, T:108761:
                  | https://crawl.xtahua.com/crawl/morgue/TheNamelessOne/morgue
                  | -TheNamelessOne-20181030-214234.txt
 21459 | Orc:2    | TheNamelessOne: Глянь сколько там буст
 21489 | Orc:2    | Identified a +0 dagger
 21489 | Orc:2    | Identified a +0 robe
 21489 | Orc:2    | Noticed an orc sorcerer
 21492 | Orc:2    | Killed an orc sorcerer
 21493 | Orc:2    | TheNamelessOne: по-моему около 4
 21495 | Orc:2    | Identified a +1 dagger of speed
 21495 | Orc:2    | Identified a +0 robe
 21495 | Orc:2    | Noticed an orc sorcerer
 21496 | Orc:2    | Identified a +0 dagger
 21496 | Orc:2    | Identified a +0 robe
 21496 | Orc:2    | Noticed Nergalle
 21499 | Orc:2    | Killed an orc sorcerer
 21499 | Orc:2    | Reached XP level 12. HP: 53/81 MP: 18/29
 21503 | Orc:2    | Identified a +0 long sword
 21503 | Orc:2    | Identified a +0 chain mail
 21503 | Orc:2    | Identified a +0 glaive
 21503 | Orc:2    | Identified a +0 plate armour
 21503 | Orc:2    | Identified a +2 war axe of freezing
 21503 | Orc:2    | Identified a +0 plate armour
 21503 | Orc:2    | TheNamelessOne: Level 23.2(27) Evocations
 21503 | Orc:2    | TheNamelessOne: вот что было у моей мумии
 21504 | Orc:2    | TheNamelessOne: базовый(буст)
 21517 | Orc:2    | Killed Nergalle
 21517 | Orc:2    | Reached skill level 14 in Spellcasting
 21804 | Orc:2    | TheNamelessOne: Забей
 21804 | Orc:2    | TheNamelessOne: Там магу мало интересного
 21804 | Orc:2    | Bought a book of Unlife for 780 gold pieces
 21848 | Orc:2    | Identified a +1 hand axe of electrocution
 21900 | Orc:2    | Found an ancient bone altar of Kikubaaqudgha.
 21916 | Orc:2    | Identified a +0 dagger
 21916 | Orc:2    | Identified a +0 robe
 21922 | Orc:2    | Identified a +0 dagger
 21922 | Orc:2    | Identified a +0 robe
 21923 | Orc:2    | Identified a +0 dagger
 21923 | Orc:2    | Identified a +0 robe
 21927 | Orc:2    | Identified a +0 dagger
 22019 | Orc:2    | Found Desykuk's Antique Armour Shoppe.
 22019 | Orc:2    | Found a roughly hewn altar of Beogh.
 22292 | Orc:1    | Found Viututh's Gadget Emporium.
 22415 | Orc:1    | TheNamelessOne: он мог провалиться
 22429 | Orc:1    | TheNamelessOne: а или это 2
 22497 | D:10     | Learned a level 5 spell: Borgnjor's Vile Clutch
 22497 | D:10     | TheNamelessOne: ctrl-o
 22497 | D:10     | TheNamelessOne: нажми и увидишь жив ли он
 22497 | D:10     | TheNamelessOne: в аннотациях
 22502 | D:10     | Learned a level 4 spell: Animate Dead
 22507 | Lair:1   | Killed Joseph
 23136 | Lair:1   | Reached skill level 1 in Earth Magic
 23460 | Lair:2   | Found a runed translucent door.
 23460 | Lair:2   | Noticed Frappe's ghost (journeyman DDAs)
 23539 | Lair:2   | Killed Frappe's ghost
 23539 | Lair:2   | Reached skill level 3 in Earth Magic
 23755 | Lair:2   | Reached skill level 4 in Earth Magic
 23991 | Lair:2   | Noticed a six-headed hydra
 23995 | Lair:2   | Killed a six-headed hydra
 23995 | Lair:2   | Reached skill level 5 in Earth Magic
 24522 | Lair:3   | Reached skill level 15 in Spellcasting
 24541 | Lair:3   | Noticed a five-headed hydra
 24548 | Lair:3   | Killed a five-headed hydra
 25042 | Lair:3   | Identified a +0 spear of flaming
 25043 | Lair:3   | Identified a +0 trident
 25045 | Lair:3   | Reached skill level 10 in Necromancy
 25049 | Lair:3   | Identified a +0 spear of freezing
 25054 | Lair:3   | Identified a cursed -1 spear
 25288 | Lair:3   | Gained mutation: You are in touch with the powers of death.
                  | [Mummy growth]
 25288 | Lair:3   | Reached XP level 13. HP: 86/86 MP: 5/32
 25309 | Lair:3   | Found a staircase to the Shoals.
 25640 | Lair:3   | Found a shimmering altar of Xom.
 25978 | Lair:4   | Identified a scroll of torment
 25989 | Lair:4   | Identified a +1 robe of positive energy (You found it on
                  | level 3 of the Lair of Beasts)
 26000 | Lair:4   | Identified an amulet of the gourmand (You found it on level
                  | 4 of the Lair of Beasts)
 26003 | Lair:4   | Redear: хз дедчанел
 26003 | Lair:4   | Redear: что качать не знаю
 26023 | Lair:4   | Identified a +1 longbow of flaming
 26023 | Lair:4   | Identified a +0 centaur barding
 26023 | Lair:4   | Noticed Nessos
 26030 | Lair:4   | HP: 18/86 [Nessos/arrow (17)]
 26031 | Lair:4   | Redear: и что вот он не конфузится
 26031 | Lair:4   | Redear: @??nessos
 26031 | Lair:4   | beem: Nessos (c)
                  | Spd:
    15 | HD: 9    | HP: 61-83
                  | AC/EV: 8/7
                  | | Dam: 16
                  | weapons, items, doors, archer, spellcaster
                  | | Res: magic(20)
                  | XP: 1318
                  | Sp: blink range, haste
                  | Sz:
                  | Large
                  | Int: human.
 26033 | Lair:4   | TheNamelessOne: дезчан хорош, но я его обычно беру
                  | мили=осьминогам
 26036 | Lair:4   | Killed Nessos
 26081 | Lair:4   | Learned a level 4 spell: Passage of Golubria
 26233 | Lair:4   | TheNamelessOne: тут гаунтлет
 26233 | Lair:4   | TheNamelessOne: портал
 26233 | Lair:4   | Redear: ?
 26233 | Lair:4   | TheNamelessOne: есть свитки маппинга?
 26234 | Lair:4   | TheNamelessOne: жёлтая точка на карте
 26234 | Lair:4   | TheNamelessOne: вверху
 26271 | Lair:4   | TheNamelessOne: слеаа
 26271 | Lair:4   | Redear: так идти или с яками разобратсья
 26271 | Lair:4   | TheNamelessOne: иди
 26275 | Lair:4   | Found a gate leading to a gauntlet.
 26284 | Gauntlet | Entered a Gauntlet
 26284 | Gauntlet | Found a transporter.
 26293 | Gauntlet | Noticed a death ooze
 26296 | Gauntlet | Found a transporter.
 26298 | Gauntlet | Noticed an entropy weaver
 26299 | Gauntlet | Found a transporter.
 26302 | Gauntlet | Found a transporter.
 26303 | Gauntlet | Found a transporter.
 26303 | Gauntlet | Found a transporter.
 26309 | Gauntlet | Found a runed translucent gate.
 26309 | Gauntlet | Found a runed translucent gate.
 26309 | Gauntlet | Found a runed translucent gate.
 26314 | Gauntlet | Found a transporter.
 26317 | Gauntlet | Found a transporter.
 26334 | Gauntlet | Identified a +0 dagger
 26334 | Gauntlet | Identified a +0 robe
 26336 | Gauntlet | Found a transporter.
 26336 | Gauntlet | Identified a +0 dagger
 26336 | Gauntlet | Identified a cursed -1 robe
 26410 | Gauntlet | Redear: блять где шапка
 26468 | Gauntlet | Found a transporter.
 26472 | Gauntlet | Found a transporter.
 26473 | Gauntlet | Identified a +2 scimitar of flaming
 26473 | Gauntlet | Identified the amulet of Ziunuesa {+Fly rN+ Regen+}
 26481 | Gauntlet | Found a transporter.
 26498 | Gauntlet | Redear: самый рофитный этот путь
 26498 | Gauntlet | Redear: но резиста к огню нет нехера
 26498 | Gauntlet | TheNamelessOne: в конце минотавр
 26498 | Gauntlet | Redear: да я в курсе
 26498 | Gauntlet | Redear: проходил уже
 26547 | Gauntlet | Killed an entropy weaver
 26547 | Gauntlet | Reached skill level 16 in Spellcasting
 26560 | Gauntlet | Got a pitted hat
 26571 | Gauntlet | Identified the +1 hat of Fedhas's Generosity {Str+4 Int+4
                  | SInv} (You found it in a Gauntlet)
 26588 | Gauntlet | Identified a +0 cloak (You found it in a Gauntlet)
 26597 | Gauntlet | TheNamelessOne: будет больно
 26715 | Gauntlet | TheNamelessOne: юеги сразу в портал
 26715 | Gauntlet | Redear: не брать что ли
 26715 | Gauntlet | Redear: шмотки
 26715 | Gauntlet | TheNamelessOne: у тебя сколько резиста
 26715 | Gauntlet | Redear: 0
 26715 | Gauntlet | TheNamelessOne: не бери ничего
 26715 | Gauntlet | Redear: мб заспамить
 26715 | Gauntlet | Redear: мобов
 26715 | Gauntlet | TheNamelessOne: чем
 26715 | Gauntlet | Redear: и давать борджу
 26715 | Gauntlet | TheNamelessOne: а ну
 26715 | Gauntlet | TheNamelessOne: можешь попытаться
 26719 | Gauntlet | TheNamelessOne: свиньи с фаерболлом
 26724 | Gauntlet | TheNamelessOne: спамь трупы
 26725 | Gauntlet | TheNamelessOne: абилку давай
 26725 | Gauntlet | Redear: а смысл
 26725 | Gauntlet | TheNamelessOne: я думал ты о ней а не о сраных импах
 26725 | Gauntlet | Redear: они не конфузятся что ли
 26725 | Gauntlet | Redear: мб конфуз еще раз
 26725 | Gauntlet | TheNamelessOne: свинья да, но проходит проверку на hd
 26725 | Gauntlet | TheNamelessOne: собаки нет
 26725 | Gauntlet | Redear: мб болт тогда
 26725 | Gauntlet | Redear: они ж
 26725 | Gauntlet | TheNamelessOne: нет
 26725 | Gauntlet | Redear: а там имун же
 26725 | Gauntlet | Redear: могу сайленс и вперед
 26725 | Gauntlet | TheNamelessOne: xtryb cdbyre
 26725 | Gauntlet | TheNamelessOne: чекни свинку
 26725 | Gauntlet | Redear: @??hell hog
 26725 | Gauntlet | beem: hell hog (h)
                  | Spd:
    14 | HD: 11   | HP: 45-70
                  | AC/EV:
                  | 2/9
                  | Dam: 20
                  | demonic, evil
                  | Res: magic(40), fire++,
                  | rot, neg+++, torm
                  | Vul: holy
                  | Chunks: noxious
                  | XP: 858
                  | | Sp: fireball (3d20) [!AM, !sil, breath]
                  | Sz: Medium
                  | Int:
                  | animal.
 26725 | Gauntlet | Redear: корче сайленс
 26725 | Gauntlet | Redear: ибо файер бот и пиздец
 26725 | Gauntlet | Redear: или она как демон идет
 26725 | Gauntlet | Redear: и сайленс на ней не робит
 26725 | Gauntlet | TheNamelessOne: v
 26725 | Gauntlet | Redear: ?
 26725 | Gauntlet | TheNamelessOne: на неё
 26725 | Gauntlet | TheNamelessOne: проверь её
 26725 | Gauntlet | Redear: всмысле проерь
 26725 | Gauntlet | TheNamelessOne: в режиме исследованя
 26725 | Gauntlet | TheNamelessOne: x - v
 26725 | Gauntlet | TheNamelessOne: не сработает
 26727 | Gauntlet | Redear: ну вот и конфуз
 26763 | Gauntlet | Identified a +1 hat of intelligence (You found it in a
                  | Gauntlet)
 26773 | Gauntlet | Identified a +2 robe of the Archmagi (You found it in a
                  | Gauntlet)
 26773 | Gauntlet | Redear: топчик
 26784 | Gauntlet | Redear: пока кольцо не найду на резист огня ноить не буду
 26874 | Gauntlet | Identified a +1 hand axe of flaming
 26874 | Gauntlet | Identified a +1 hand crossbow of freezing
 26874 | Gauntlet | Identified a +0 plate armour
 26874 | Gauntlet | Noticed a minotaur
 26878 | Gauntlet | Redear: @??minotavr
 26878 | Gauntlet | beem: unknown monster: "minotavr"
 26878 | Gauntlet | Redear: @??minotaur
 26878 | Gauntlet | beem: minotaur (H)
                  | Spd:
    10 | HD: 14   | HP: 64-91
                  | AC/EV:
                  | 14/6 (headbutt: d20-1)
                  | Dam: 35, 20
                  | weapons, items,
                  | doors, fighter
                  | Res: magic(100)
                  | XP:
  1230 | Sz: Medium | | Int: human.
 26882 | Gauntlet | Killed a minotaur
 26882 | Gauntlet | Reached skill level 11 in Necromancy
 27389 | Lair:4   | Found a hole to the Spider Nest.
 27789 | Lair:4   | Learned a level 4 spell: Summon Lightning Spire
 27923 | Lair:5   | Found a runed translucent door.
 27924 | Lair:5   | Found a viscous altar of Jiyva.
 27924 | Lair:5   | Noticed an acid blob
 28543 | Lair:6   | Entered Level 6 of the Lair of Beasts
 28826 | Lair:6   | Reached ****** piety under Kikubaaqudgha
 28827 | Lair:6   | Reached skill level 17 in Spellcasting
 28911 | Lair:6   | Reached skill level 12 in Necromancy
 30161 | Lair:6   | Noticed a dire elephant
 30219 | Lair:6   | Killed a dire elephant
 30219 | Lair:6   | Reached XP level 14. HP: 93/93 MP: 20/35
 30455 | Lair:6   | Reached skill level 4 in Fighting
 30536 | Lair:6   | Reached skill level 5 in Fighting
 30554 | Lair:6   | Got a brightly glowing steel ring
 30557 | Lair:6   | Identified a scroll of brand weapon
 30558 | Lair:6   | Identified the ring "Teodoathuo" {*Tele +Fly rElec rPois
                  | rC-} (You found it on level 6 of the Lair of Beasts)
 30559 | Lair:6   | Identified an amulet of rage (You found it on level 6 of
                  | the Lair of Beasts)
 30570 | Lair:6   | Identified a ring of ice (You found it on level 5 of the
                  | Lair of Beasts)
 30600 | Lair:6   | Got an encrusted quarterstaff
 30604 | Lair:6   | Identified the cursed +1 quarterstaff of Liecyqimai
                  | {freeze, Str+3} (You found it on level 6 of the Lair of
                  | Beasts)
 30883 | Spider:1 | Entered Level 1 of the Spider Nest
 30949 | Spider:1 | Noticed a ghost moth
 30991 | Lair:4   | Reached skill level 6 in Fighting
 31478 | Spider:1 | Killed a ghost moth
 31658 | Spider:1 | Reached skill level 7 in Fighting
 32044 | Spider:1 | Reached skill level 8 in Fighting
 32196 | Spider:1 | Got an encrusted halberd
 32447 | Spider:1 | Identified an amulet of faith (You found it on level 1 of
                  | the Spider Nest)
 32449 | Spider:1 | Identified an amulet of reflection (You found it on level 1
                  | of the Spider Nest)
 32451 | Spider:1 | Identified a ring of poison resistance (You found it on
                  | level 1 of the Spider Nest)
 32504 | Spider:1 | Reached skill level 9 in Fighting
 32986 | Spider:1 | Got a slimy hunting sling
 33398 | Spider:2 | Reached skill level 10 in Fighting
 33842 | Spider:2 | Reached skill level 3 in Translocations
 34319 | Spider:2 | Reached skill level 4 in Translocations
 34650 | Spider:2 | Identified the +11 halberd "Haunuykh" {chop, rPois Int+4}
                  | (You found it on level 1 of the Spider Nest)
 34653 | Spider:2 | Identified the +6 hunting sling of Psychosis {flame, rPois
                  | rF+ rN+} (You found it on level 1 of the Spider Nest)
 34661 | Spider:2 | Identified a ring of protection from fire (You found it on
                  | level 2 of the Spider Nest)
 34665 | Spider:2 | Identified a ring of magical power (You acquired it on
                  | level 2 of the Spider Nest)
 35069 | Spider:3 | Reached XP level 15. HP: 113/117 MP: 22/36
 35074 | Spider:3 | Reached skill level 5 in Translocations
 35601 | Spider:3 | Reached skill level 6 in Translocations
 35659 | Spider:3 | HP: 21/117 [wolf spider (11)]
 36012 | Spider:3 | Noticed an entropy weaver
 36019 | Spider:3 | Killed an entropy weaver
 36291 | Spider:3 | Reached skill level 7 in Translocations
 36551 | Spider:3 | Noticed an entropy weaver
 36557 | Spider:3 | Killed an entropy weaver
 37012 | Spider:3 | Reached skill level 8 in Translocations
 37465 | Spider:3 | Received a gift from Kikubaaqudgha
 37472 | Spider:4 | Entered Level 4 of the Spider Nest
 37520 | Spider:4 | Noticed a ghost moth
 37523 | Spider:4 | Killed a ghost moth
 37711 | Spider:4 | Reached skill level 3 in Summonings
 37723 | Spider:4 | Noticed a ghost moth
 37726 | Spider:4 | Killed a ghost moth
 37851 | Spider:4 | Identified a +1 demon trident of venom
 37851 | Spider:4 | Identified a +1 robe
 37851 | Spider:4 | Noticed Mara
 37854 | Spider:4 | Noticed Redear's illusion
 37867 | Spider:4 | HP: 20/117 [Mara (illusionary)/+1 demon trident of venom
                  | (20)]
 37867 | Spider:4 | HP: 1/117 [Mara/+1 demon trident of venom (19)]
 37867 | Spider:4 | Killed from afar by Mara (illusionary)

Table legend:
 A = Turns spent in this place as a percentage of turns spent in the entire game.
 B = Non-inter-level travel turns spent in this place as a percentage of non-inter-level travel turns spent in the entire game.
 C = Inter-level travel turns spent in this place as a percentage of turns spent in this place.
 D = Turns resting spent in this place as a percentage of non-inter-level travel turns spent in this place.
 E = Turns spent auto-exploring this place as a percentage of non-inter-level travel turns spent in this place.
 F = Non-inter-level travel turns spent in this place divided by the number of levels of this place that you've seen.
                   A       B       C       D       E      F
               +-------+-------+-------+-------+-------+----------------------
         Total | 100.0 | 100.0 |   4.0 |  41.0 |  28.0 | 1454.8
       Dungeon |  47.5 |  47.2 |   4.5 |  41.6 |  27.6 | 1561.5
        Temple |   0.4 |   0.4 |  10.8 |   0.0 |  98.6 | 141.0
          Lair |  22.1 |  22.0 |   4.5 |  33.0 |  36.2 | 1333.7
   Spider Nest |  16.7 |  17.0 |   2.6 |  52.7 |  24.1 | 1542.5
  Orcish Mines |  11.2 |  11.3 |   3.0 |  37.1 |  22.7 | 2064.0
      Gauntlet |   2.0 |   2.1 |   0.0 |  41.9 |   0.8 | 754.0
               +-------+-------+-------+-------+-------+----------------------

Table legend:
 A = Kills in this place as a percentage of kills in entire the game.
 B = Kills by you in this place as a percentage of kills by you in the entire game.
 C = Kills by friends in this place as a percentage of kills by friends in the entire game.
 D = Other kills in this place as a percentage of other kills in the entire game.
 E = Experience gained in this place as a percentage of experience gained in the entire game.
 F = Experience gained in this place divided by the number of levels of this place that you have seen.
                   A       B       C       D       E      F
               +-------+-------+-------+-------+-------+----------------------
         Total | 100.0 | 100.0 | 100.0 | 100.0 | 100.0 | 5190.2
       Dungeon |  41.6 |  40.7 |  47.0 |  21.1 |   8.7 | 1021.7
          Lair |  20.7 |  21.1 |  17.9 |  31.6 |  34.1 | 7378.5
   Spider Nest |  23.7 |  23.3 |  25.6 |  21.1 |  44.7 | 14485.2
  Orcish Mines |  13.0 |  13.9 |   8.9 |  21.1 |   9.4 | 6110.5
      Gauntlet |   1.0 |   1.0 |   0.6 |   5.3 |   3.1 | 4083.0
               +-------+-------+-------+-------+-------+----------------------

Skill      XL: |  1  2  3  4  5  6  7  8  9 10 11 12 13 14 15 |
---------------+----------------------------------------------+-----
Conjurations   | 1 2 3 6 |  6.1
Summonings     | 1 2 3 |  3.2
Translocations | 1 2 4 8 |  8.2
Fire Magic     | 1 2 3 |  3.2
Air Magic      | 2 |  2.9
Poison Magic   | 3 |  3.0
Spellcasting   | 7 9 11 13 15 17 | 17.5
Necromancy     | 5 9 10 12 | 12.8
Fighting       | 3 10 | 10.7
Evocations     | 5 |  5.2
Earth Magic    | 5 |  5.5
Dodging        | |  1.5
Stealth        | |  1.5

Action                   |  1- 3 |  4- 6 |  7- 9 | 10-12 | 13-15 || total
-------------------------+-------+-------+-------+-------+-------++-------
Melee: Unarmed           |    15 |       |       |       |       ||    15
       Dagger            |    56 |    83 |       |       |       ||   139
       Spear             |       |    53 |   280 |   182 |     6 ||   521
       Staff             |       |       |       |   170 |    20 ||   190
Throw: Tomahawk          |       |       |       |     2 |       ||     2
 Cast: Magic Dart        |    76 |    77 |   192 |   139 |       ||   484
       Call Imp          |    11 |    51 |    82 |   107 |    19 ||   270
       Blink             |       |     1 |     3 |    24 |    18 ||    46
       Pain              |       |       |    43 |       |       ||    43
       Mephitic Cloud    |       |       |    22 |    74 |    12 ||   108
       Animate Skeleton  |       |       |     7 |    17 |    14 ||    38
       Conjure Flame     |       |       |     2 |     5 |     1 ||     8
       Agony             |       |       |       |    27 |    17 ||    44
       Dispel Undead     |       |       |       |    14 |       ||    14
       Bolt of Draining  |       |       |       |   163 |   133 ||   296
       Corpse Rot        |       |       |       |     3 |     1 ||     4
       Borgnjor's Vile C |       |       |       |    12 |   242 ||   254
       Summon Lightning  |       |       |       |       |    71 ||    71
       Passage of Golubr |       |       |       |       |    17 ||    17
       Animate Dead      |       |       |       |       |     2 ||     2
Invok: Receive Corpses   |       |       |     1 |       |       ||     1
       Receive Necronomi |       |       |       |       |     1 ||     1
Evoke: Wand              |       |       |       |     2 |    10 ||    12
  Use: Scroll            |     1 |       |     6 |    10 |    16 ||    33
 Stab: Distracted        |       |     1 |     2 |     1 |       ||     4
       Confused          |       |       |     5 |    10 |       ||    15
       Sleeping          |       |       |       |     2 |       ||     2
       Paralysed         |       |       |       |       |     6 ||     6
Armor: Robe              |    13 |     1 |       |       |       ||    14
       Leather armour    |       |    29 |    53 |   119 |    47 ||   248
Dodge: Dodged            |    47 |   115 |   160 |   217 |    76 ||   615
Block: Other             |       |       |       |       |    11 ||    11

Vanquished Creatures
  3 ghost moths
  The ghost of Frappe the Unseen, a journeyman DDAs of Trog (Lair:2)
  3 entropy weavers
  Nessos (Lair:4)
  5 dire elephants (Lair:6)
  A minotaur (Gauntlet)
  2 spark wasps
  Snorg (D:11)
  4 hydras
  An anaconda (Lair:6)
  A two-headed ogre (D:8)
  2 ogre magi (Orc:2)
  A hell hog (Gauntlet)
  The ghost of Waipof the Dealer of Despair, a novice DsNe of Kikubaaqudgha (Orc:1)
  Nergalle (Orc:2)
  A lindwurm (Lair:2)
  12 wolf spiders
  3 deep elf magi
  7 orc sorcerers (Orc:2)
  11 orb spiders
  2 oklob plants (Lair:6)
  A cyclops (Orc:1)
  A moth of wrath (Spider:3)
  An ugly thing (D:10)
  Joseph (Lair:1)
  5 elephants (Lair:6)
  3 merfolk sirens (Lair:3)
  6 spiny frogs
  2 rime drakes
  3 komodo dragons
  4 trolls
  10 demonic crawlers
  A merfolk (Lair:3)
  14 jumping spiders
  2 hornets
  9 dream sheep
  5 blink frogs
  5 hippogriffs
  64 redbacks
  26 tarantellas
  A spriggan (D:10)
  A wyvern (Lair:1)
  19 yaks
  A fire bat (Gauntlet)
  A warg (Orc:1)
  A hell hound (Gauntlet)
  6 porcupines
  9 water moccasins
  2 sky beasts
  A swamp drake (Orc:2)
  2 ice beasts
  14 orc warriors
  2 phantoms
  8 wolves
  5 ogres
  6 centaurs
  A big kobold (D:10)
  10 crocodiles
  18 bullfrogs
  A scorpion (D:8)
  5 killer bees
  3 wights (D:10)
  3 vampire bats (Lair:4)
  7 howler monkeys
  A bullfrog zombie (D:7)
  A crimson imp (D:6)
  A centaur zombie (D:10)
  3 hounds
  3 jellies
  A bullfrog skeleton (D:4)
  12 orc priests
  2 centaur skeletons
  A gnoll shaman (D:3)
  4 iguanas
  32 orc wizards
  Natasha (twice) (D:4)
  6 worker ants
  A hound zombie (D:11)
  A hound skeleton (D:5)
  A howler monkey zombie (D:3)
  A worker ant zombie (D:11)
  A howler monkey skeleton (D:10)
  9 adders
  20 gnolls
  A shadow imp (D:9)
  A white imp (Orc:2)
  An ooze (D:4)
  4 worms (D:2)
  5 leopard geckos
  62 orcs
  2 ball pythons
  16 bats
  2 giant cockroaches
  6 goblins
  4 hobgoblins
  23 jackals
  3 quokkas
  A ball python skeleton (D:3)
  3 frilled lizards
  A goblin skeleton (D:5)
  A hobgoblin zombie (D:5)
  9 kobolds
  A kobold skeleton (D:5)
  An orc zombie (D:5)
  A quokka skeleton (D:3)
  8 rats
  3 fungi
  8 plants
624 creatures vanquished.

Vanquished Creatures (collateral kills)
  A dire elephant (Lair:6)
  7 wolf spiders
  2 oklob plants
  An orb spider (Spider:2)
  2 torpor snails
  A black mamba (Lair:2)
  3 spiny frogs
  A demonic crawler (Spider:1)
  5 jumping spiders
  2 hornets (Lair:2)
  3 blink frogs (Lair:6)
  5 dream sheep
  2 hippogriffs
  A fire bat (Gauntlet)
  26 redbacks
  2 yaks (Lair:3)
  3 tarantellas (Spider:1)
  2 water moccasins
  A porcupine (Lair:1)
  A phantom (D:7)
  A black bear (D:11)
  A necrophage (D:10)
  A sky beast (D:9)
  A wolf (Lair:1)
  An ogre (D:6)
  A crocodile (Lair:5)
  2 bullfrogs (Lair:5)
  A gnoll sergeant (D:3)
  A scorpion (D:8)
  3 killer bees
  3 howler monkeys (D:9)
  A crimson imp (Orc:2)
  An orc priest (D:9)
  A gnoll shaman (D:5)
  An iron imp (Orc:2)
  4 orc wizards
  A centaur skeleton (D:3)
  Ijyb (D:5)
  Natasha (D:4)
  A worker ant (D:4)
  A hound skeleton (D:3)
  18 gnolls
  3 adders
  A shadow imp (Orc:2)
  A white imp (D:5)
  2 adder zombies
  An adder skeleton (D:3)
  A worm (D:3)
  A dart slug (D:3)
  23 orcs
  A hobgoblin (D:3)
  7 jackals
  6 kobolds
  A ball python (D:6)
  A hobgoblin zombie (D:5)
  An orc skeleton (D:5)
  A butterfly (Lair:1)
  4 fungi
  3 plants
176 creatures vanquished.

Vanquished Creatures (others)
  3 dream sheep (Lair:3)
  A redback (Spider:4)
  4 demonic plants (Gauntlet)
  12 fungi
  18 plants
38 creatures vanquished.

Grand Total: 838 creatures vanquished
